 Dungeon Crawl Stone Soup version 0.25-a0-1133-g93ebf739aa (webtiles) character file.

Game seed: 3716807756339881719, levelgen mode: deterministic

67 vurker the Charlatan (level 4, -4/34 HPs)
             Began as a Barachi Artificer on May 21, 2020.
             Slain by a worm (8 damage)
             ... on level 3 of the Dungeon.
             The game lasted 00:02:23 (2479 turns).

vurker the Charlatan (Barachi Artificer)            Turns: 2479, Time: 00:02:24

Health: -4/34      AC:  6    Str: 14    XL:     4   Next: 18%
Magic:  6/6        EV:  7    Int: 11    God:
Gold:   98         SH:  7    Dex: 13    Spells: 3/3 levels left

rFire    . . .     SeeInvis .   a - +0 short sword
rCold    . . .     Gourm    .   u - +0 kite shield
rNeg     . . .     Faith    .   n - +0 scale mail
rPois    .         Spirit   .   (no helmet)
rElec    .         Reflect  .   (no cloak)
rCorr    .         Harm     .   (no gloves)
MR       .....                  (no boots)
Stlth    ..........             (no amulet)
HPRegen  0.11/turn              (no ring)
MPRegen  0.10/turn              (no ring)

@: slow
A: +LOS, swims, slowness 1, strong legs 1
a: Hop


You were on level 3 of the Dungeon.
You were not hungry.

You visited 1 branch of the dungeon, and saw 3 of its levels.

You collected 98 gold pieces.

Inventory:

Hand Weapons
 a - a +0 short sword (weapon)
Armour
 n - a +0 scale mail (worn)
   (You found it on level 1 of the Dungeon)
 u - a +0 kite shield (worn)
   (You found it on level 2 of the Dungeon)
Wands
 d - a wand of enslavement (15)
 f - a wand of random effects (15)
 t - a wand of flame (15)
Scrolls
 b - 2 scrolls of fear {unknown}
 c - 3 scrolls of magic mapping {unknown}
 g - 2 scrolls of enchant weapon {unknown}
 h - 3 scrolls of identify {unknown}
 i - 2 scrolls of amnesia {unknown}
 k - a scroll of remove curse {unknown}
 l - 3 scrolls of teleportation {unknown}
 m - a scroll of blinking {unknown}
 r - a scroll of enchant armour {unknown}
Potions
 j - 2 potions of mutation {unknown}
 o - a potion of haste {unknown}
 p - a potion of heal wounds {unknown}
 q - 2 potions of ambrosia {unknown}
 s - a potion of curing {unknown}
Comestibles
 e - 7 rations


   Skills:
 + Level 2.5 Fighting
 - Level 1.1 Short Blades
 + Level 2.1 Armour
 + Level 3.0 Dodging
 - Level 0.8 Stealth
 + Level 0.5 Shields
 + Level 3.7 Evocations


You had 3 spell levels left.
You didn't know any spells.
Your spell library was empty.

Dungeon Overview and Level Annotations

Branches:
Dungeon (3/15)

Altars:
Okawaru


Innate Abilities, Weirdness & Mutations

You can be seen from farther away. (+LOS)
You can swim through water.
You cover ground slowly.
You can hop short distances.


Message History

No target in view!
You see here a club.
Done exploring.
Done exploring.
Done exploring.
Done exploring.
There is a stone staircase leading down here.
You climb downwards.
There is a stone staircase leading up here.
Found 9 gold pieces. 2 worms come into view.
Found a stone staircase leading up.
There are monsters nearby!
The worm bites you.
You hit the worm but do no damage. You hit the worm but do no damage.
You block the worm's attack.
You hit the worm. You block the worm's attack.
You barely miss the worm. You hit the worm. You block the worm's attack.
You hit the worm but do no damage. You hit the worm.
The worm bites you but does no damage.
You hit the worm. The worm bites you.
You hit the worm. You hit the worm. The worm closely misses you.
You hit the worm. The worm bites you! The worm bites you but does no damage.
You hit the worm. The worm bites you. x2
* * * LOW HITPOINT WARNING * * *
You hit the worm.
You kill the worm!
You see here a worm corpse.
Unknown command.
You hit the worm. The worm bites you but does no damage.
You barely miss the worm. The worm bites you but does no damage.
You hit the worm but do no damage. You hit the worm. The worm bites you.
* * * LOW HITPOINT WARNING * * *
You hit the worm. The worm bites you but does no damage.
You hit the worm. You hit the worm. You block the worm's attack.
You hit the worm but do no damage. The worm barely misses you.
You hit the worm but do no damage. You hit the worm but do no damage.
The worm closely misses you.
You hit the worm. The worm bites you!
* * * LOW HITPOINT WARNING * * *
Your shield and scale mail prevent you from hitting the worm.
Your shield and scale mail prevent you from hitting the worm.
The worm bites you.
* * * LOW HITPOINT WARNING * * *
You hit the worm. The worm bites you!
You die...

################
#...............
####.....##########
.................
##########.#######.
#<..@w...........#
#..######...####.#
#. #$.....# #
#......# .......#
#.#.##.# #.... .#
.....w # .......


You could see a worm.

Vanquished Creatures
  An adder (D:2)
  2 oozes
  3 worms
  A dart slug (D:1)
  A leopard gecko (D:2)
  A ball python (D:1)
  4 giant cockroaches
  3 hobgoblins
  4 bats
  2 frilled lizards
  7 goblins
  7 kobolds
  6 rats
42 creatures vanquished.

Notes
Turn   | Place    | Note
-------+----------+-------------------------------------------
     0 | D:1      | vurker the Barachi Artificer began the quest for the Orb.
     0 | D:1      | Reached XP level 1. HP: 15/15 MP: 3/3
   165 | D:1      | Reached skill level 1 in Armour
   165 | D:1      | Reached XP level 2. HP: 2/21 MP: 4/4
  1179 | D:1      | Reached XP level 3. HP: 27/27 MP: 5/5
  1741 | D:2      | Found an iron altar of Okawaru.
  1852 | D:2      | Reached XP level 4. HP: 31/34 MP: 6/6
  2479 | D:3      | Slain by a worm

Illustrated notes

Levels and vault maps discovered:
D:1:      dpeg_arrival_solitude, layout_basic, minmay_distorted
D:2:      layout_basic, okawaru_metal_pillars_1_2, first_ration,
          kennysheep_pointless_box
D:3:      gammafunk_wand_slinger, layout_basic, uniq_grinder

Skill      XL: |  1  2  3 |
---------------+----------+-----
Armour         | 1 2 |  2.1
Fighting       | 2 |  2.5
Dodging        | 3 |  3.0
Short Blades   | |  1.1
Stealth        | |  0.8
Shields        | |  0.5
Evocations     | |  3.7

Action                   |  1- 3 |  4- 6 || total
-------------------------+-------+-------++-------
Melee: Short sword       |   182 |    49 ||   231
  Eat: Chunk             |     4 |     2 ||     6
Armor: Leather armour    |    24 |       ||    24
       Scale mail        |    73 |    24 ||    97
Dodge: Dodged            |   121 |    17 ||   138
Block: Kite shield       |    14 |    10 ||    24

Table legend:
 A = Non-vault XP
 B = Vault XP
 C = Vault XP percentage of total XP
 D = Non-vault monster count
 E = Vault monster count
 F = Vault count percentage of total count
                 A         B        C        D         E       F
            +---------+---------+-------+---------+---------+-------
      Total |      94 |       3 |   3.1 |      40 |       2 |   4.8
            +---------+---------+-------+---------+---------+-------
        D:1 |      31 |       3 |   8.8 |      17 |       2 |  10.5
        D:2 |      58 |       0 |   0.0 |      22 |       0 |   0.0
        D:3 |       5 |       0 |   0.0 |       1 |       0 |   0.0
            +---------+---------+-------+---------+---------+-------
